[Event "Titled Tuesday Blitz November 22 Late 2022"]
[White "Lizak, Peter"]
[Black "Stanisz, Patryk"]
[WhiteFideId "731595"]
[BlackFideId "1123106"]
[WhiteElo "2420"]
[BlackElo "2069"]
[Result "1-0"]
[Round "03"]
[TimeControl "180+1"]
[Date "2022.11.23"]
[WhiteClock "0:01:07"]
[BlackClock "0:00:02"]

1. d4 d5 2. Nc3 c6 3. e4 dxe4 4. Nxe4 Bf5 5. Nc5 e5 6. Nxb7 Qxd4 7. Qxd4 exd4 8. Nf3 c5 9. Bf4 Nc6 10. Bb5 Bd7 11. O-O-O Be7 12. Rhe1 a6 13. Ba4 Kf8 14. c3 Rc8 15. Nd6 Rd8 16. cxd4 Nxd4 17. Bxd7 Rxd7 18. Nxd4 cxd4 19. Rxd4 g5 20. Be5 f6 21. Nf5 Kf7 22. Rxd7 Ke6 23. Rxe7+ Kxf5 24. Re8 Nh6 25. Rxh8 1-0


[Site "https://www.chess.com"]

[Event "Titled Tuesday Blitz November 22 Late 2022"]
[White "Lopez Del Alamo, Antonio"]
[Black "Filgueira, Hernan"]
[WhiteFideId "2227339"]
[BlackFideId "101770"]
[WhiteElo "2175"]
[BlackElo "2363"]
[Result "0-1"]
[Round "03"]
[TimeControl "180+1"]
[Date "2022.11.23"]
[WhiteClock "0:00:34"]
[BlackClock "0:00:41"]

1. e4 e5 2. Bc4 Nc6 3. d3 Nf6 4. Nc3 Bb4 5. Ne2 d5 6. exd5 Nxd5 7. O-O Bxc3 8. Nxc3 Nxc3 9. bxc3 O-O 10. a4 Qe7 11. Ba3 Qf6 12. Bxf8 Kxf8 13. Bb5 Ne7 14. d4 e4 15. Qe2 Bf5 16. Rad1 Nd5 17. Qd2 Qg6 18. Rfe1 c6 19. Bf1 h5 20. c4 Nf6 21. d5 c5 22. Qf4 Nd7 23. a5 Re8 24. Qc7 b6 25. a6 Ne5 26. Kh1 Ng4 27. Qf4 Bc8 28. h3 Nh6 29. d6 Bd7 30. Rd5 f5 31. Red1 Nf7 32. h4 Qf6 33. g3 g6 34. Qe3 Bc6 35. d7 Rd8 36. R5d2 Qe7 37. Bg2 Rxd7 38. Rxd7 Bxd7 39. Qf4 Be6 40. Qb8+ Kg7 41. Qb7 Qf6 42. Qxa7 f4 43. Qxb6 f3 44. Bf1 e3 45. fxe3 f2 46. Qc7 Qf3+ 47. Kh2 Qxd1 48. Bg2 Qg1# 0-1


[Site "https://www.chess.com"]

[Event "Titled Tuesday Blitz November 22 Late 2022"]
[White "Lopez Gracia, Fernando"]
[Black "Todev, Simeon"]
[WhiteFideId "2207184"]
[BlackFideId "2925133"]
[WhiteElo "2455"]
[BlackElo "1938"]
[Result "1-0"]
[Round "03"]
[TimeControl "180+1"]
[Date "2022.11.23"]
[WhiteClock "0:00:20"]
[BlackClock "0:00:01"]

1. c4 e5 2. g3 c6 3. d4 exd4 4. Qxd4 d5 5. Bg2 Nf6 6. Nc3 dxc4 7. Qxc4 Be6 8. Qa4 Nbd7 9. Bf4 Be7 10. Rd1 Qb6 11. Qc2 Ng4 12. e4 Bc5 13. Nh3 h6 14. O-O Be7 15. Bd6 Bxd6 16. Rxd6 O-O 17. Nf4 Nc5 18. Ncd5 Bxd5 19. Nxd5 Qb5 20. Nc7 Qa5 21. Nxa8 Rxa8 22. a3 Ne6 23. Bh3 Qh5 24. Kg2 Nxh2 25. Bxe6 Nxf1 26. Bh3 Re8 27. Qd1 Qe5 28. Kxf1 Qxe4 29. Bg2 Qf5 30. Rd8 Rxd8 31. Qxd8+ Kh7 32. Qd1 Qb5+ 33. Qe2 Qc5 34. Kg1 Qc1+ 35. Kh2 Qg5 36. Qd3+ Kg8 37. Bf3 g6 38. Kg2 Qf6 39. b4 Qe7 40. Qe4 Qd6 41. Qe8+ Kg7 42. Qe3 a6 43. Qc3+ Kh7 44. Qc5 Qd7 45. Qb6 g5 46. g4 h5 47. gxh5 g4 48. Be2 Qd5+ 49. Kg1 Qe4 50. Qe3 Qb1+ 51. Kg2 Qb2 52. Bd3+ Kg8 53. h6 Qf6 54. h7+ Kg7 55. Qe4 Qh6 56. Qf5 Qh3+ 57. Kg1 Qh4 58. h8=Q+ Kxh8 59. Bc4 g3 60. Qe5+ 1-0


[Site "https://www.chess.com"]

[Event "Titled Tuesday Blitz November 22 Late 2022"]
[White "Maatman, Nick"]
[Black "Pino Perez, Lazaro"]
[WhiteFideId "1040391"]
[BlackFideId "3517055"]
[WhiteElo "2605"]
[BlackElo "2170"]
[Result "1-0"]
[Round "03"]
[TimeControl "180+1"]
[Date "2022.11.23"]
[WhiteClock "0:01:27"]
[BlackClock "0:00:06"]

1. d4 d5 2. c4 e6 3. Nf3 Nf6 4. g3 dxc4 5. Bg2 c5 6. O-O Nc6 7. dxc5 Qxd1 8. Rxd1 Bxc5 9. Nbd2 c3 10. bxc3 O-O 11. Nb3 Be7 12. c4 Bd7 13. Nfd4 Rac8 14. Be3 Ne5 15. c5 Nc4 16. Bg5 h6 17. Bxf6 Bxf6 18. Bxb7 Rc7 19. c6 Bc8 20. Rac1 Ne5 21. Nb5 Rxb7 22. cxb7 Bxb7 23. Nd6 Bd5 24. e4 Ba8 25. f4 Ng4 26. e5 Be7 27. Rc7 Bd8 28. Rdc1 Ne3 29. Nc8 Nd5 30. Rxa7 Nb4 31. Rxa8 1-0


[Site "https://www.chess.com"]

[Event "Titled Tuesday Blitz November 22 Late 2022"]
[White "Machidon, Cristi"]
[Black "Brown, Andrew"]
[WhiteFideId "13904590"]
[BlackFideId "3206513"]
[WhiteElo "2333"]
[BlackElo "2245"]
[Result "1-0"]
[Round "03"]
[TimeControl "180+1"]
[Date "2022.11.23"]
[WhiteClock "0:01:19"]
[BlackClock "0:00:03"]

1. d4 g6 2. e4 Bg7 3. Nc3 c6 4. Be3 d5 5. Qd2 dxe4 6. Nxe4 Nf6 7. Nxf6+ exf6 8. O-O-O Be6 9. Kb1 O-O 10. h4 h5 11. Ne2 a5 12. Nf4 Bf5 13. f3 Na6 14. Bd3 Bxd3 15. Qxd3 Nb4 16. Qb3 Nd5 17. Nxd5 Qxd5 18. Qxd5 cxd5 19. Bf4 Rfe8 20. Rhe1 f5 21. c3 Re6 22. Kc2 b5 23. Kd3 Rae8 24. Re3 f6 25. b3 Kh7 26. Rc1 Bh6 27. Bxh6 Kxh6 28. Rxe6 Rxe6 29. c4 bxc4+ 30. bxc4 dxc4+ 31. Rxc4 f4 32. d5 Re3+ 33. Kd4 Re2 34. d6 Rxa2 35. Kd5 Rd2+ 36. Rd4 Rb2 37. d7 Rb8 38. Ke6 g5 39. d8=Q Rxd8 40. Rxd8 gxh4 41. Kxf6 1-0


[Site "https://www.chess.com"]

[Event "Titled Tuesday Blitz November 22 Late 2022"]
[White "Madaminov, Mukhiddin"]
[Black "Schut, Han"]
[WhiteFideId "14210703"]
[BlackFideId "1005561"]
[WhiteElo "2341"]
[BlackElo "2024"]
[Result "1-0"]
[Round "03"]
[TimeControl "180+1"]
[Date "2022.11.23"]
[WhiteClock "0:01:43"]
[BlackClock "0:00:43"]

1. d4 Nf6 2. Nc3 d5 3. Bf4 e6 4. Nb5 Na6 5. e3 Be7 6. Nf3 O-O 7. Be2 c6 8. Nc3 Nb8 9. O-O Ne4 10. Nxe4 dxe4 11. Nd2 f5 12. Nc4 Nd7 13. h3 Kh8 14. a4 Bf6 15. Bd6 Re8 16. a5 Nf8 17. Ra3 Ng6 18. Rb3 Qd7 19. Bh5 Qf7 20. Ne5 Bxe5 21. dxe5 Qg8 22. Bxg6 hxg6 23. f3 exf3 24. Qxf3 Qh7 25. Rb4 Kg8 26. Qg3 Kf7 27. Rh4 Qg8 28. Qg5 b6 29. Rh6 1-0


[Site "https://www.chess.com"]

[Event "Titled Tuesday Blitz November 22 Late 2022"]
[White "Makridis, Dimitrios"]
[Black "Koutlas, Nikolaos"]
[WhiteFideId "25864475"]
[BlackFideId "25827138"]
[WhiteElo "2809"]
[BlackElo "2511"]
[Result "1-0"]
[Round "03"]
[TimeControl "180+1"]
[Date "2022.11.23"]
[WhiteClock "0:00:07"]
[BlackClock "0:00:06"]

1. Nc3 d5 2. e4 dxe4 3. Nxe4 Bf5 4. d3 Nf6 5. Nxf6+ exf6 6. Qf3 Qc8 7. Be2 Nc6 8. c3 Bd6 9. d4 O-O 10. Bf4 Bb4 11. Rd1 Ba5 12. Nh3 Re8 13. Be3 Ne7 14. Nf4 c6 15. O-O Bc7 16. h3 Ng6 17. Nxg6 hxg6 18. Bd3 Be6 19. c4 Rb8 20. d5 cxd5 21. cxd5 Bd7 22. Rc1 Qd8 23. Bf4 Be5 24. Rfe1 Rc8 25. Rxc8 Qxc8 26. Rc1 Qd8 27. Bxe5 Rxe5 28. Bc4 a5 29. a3 Qc7 30. Qc3 Qd6 31. Qxa5 b5 32. Bxb5 Bxb5 33. Qxb5 Rxd5 34. Qf1 Kh7 35. b4 g5 36. Qc4 Rd2 37. Qe4+ g6 38. Qc4 Kg7 39. Qc7 Qd4 40. Qc5 Qd3 41. Qe3 Qxe3 42. fxe3 Rd3 43. Ra1 Rxe3 44. a4 f5 45. a5 g4 46. hxg4 fxg4 47. a6 g3 48. a7 1-0


[Site "https://www.chess.com"]

[Event "Titled Tuesday Blitz November 22 Late 2022"]
[White "Maksimovic, Bojan"]
[Black "Firouzja, Alireza"]
[WhiteFideId "14408120"]
[BlackFideId "12573981"]
[WhiteElo "2447"]
[BlackElo "2903"]
[Result "0-1"]
[Round "03"]
[TimeControl "180+1"]
[Date "2022.11.22"]
[WhiteClock "0:01:54"]
[BlackClock "0:02:08"]

1. e4 g6 2. d4 Bg7 3. Nc3 d6 4. f4 Nf6 5. Nf3 O-O 6. e5 Nfd7 7. Bc4 c5 8. e6 Nb6 9. exf7+ Kh8 10. Be2 cxd4 11. Nxd4 Rxf7 12. Be3 Nc6 13. Qd2 Bd7 14. Nxc6 Bxc6 15. O-O Nd7 16. Bd4 Qa5 17. Bxg7+ Kxg7 18. Qd4+ e5 19. fxe5 Rxf1+ 20. Rxf1 dxe5 21. Qd6 Qb6+ 22. Kh1 Bxg2+ 0-1


[Site "https://www.chess.com"]

[Event "Titled Tuesday Blitz November 22 Late 2022"]
[White "Manelyuk, Daniil"]
[Black "Kamsky, Gata"]
[WhiteFideId "44173920"]
[BlackFideId "2000024"]
[WhiteElo "2209"]
[BlackElo "2666"]
[Result "0-1"]
[Round "03"]
[TimeControl "180+1"]
[Date "2022.11.22"]
[WhiteClock "0:00:12"]
[BlackClock "0:01:10"]

1. e4 c6 2. d4 d5 3. e5 Bf5 4. h4 h6 5. g4 Bd7 6. f4 h5 7. Bh3 hxg4 8. Bxg4 Bxg4 9. Qxg4 Nh6 10. Qh3 e6 11. Be3 Nf5 12. Bf2 Qb6 13. Qb3 Nd7 14. Nf3 g6 15. Nbd2 Be7 16. Qxb6 axb6 17. Ke2 b5 18. c3 Nb6 19. a3 Nc4 20. Nxc4 bxc4 21. Ng5 Bxg5 22. hxg5 Kd7 23. Kf3 Kc7 24. Ke2 Kb6 25. Kd2 Kb5 26. Kc2 Ka4 27. Rab1 b6 28. Rbg1 Kb5 29. Rb1 c5 30. Kd2 Rac8 31. Ke2 cxd4 32. cxd4 Ka4 33. Kd2 Kb3 34. Rhc1 Rh2 35. Rc3+ Ka2 36. Rf1 Nxd4 37. b4 Nb3+ 38. Ke2 d4 39. Rc2+ Kxa3 40. Kf3 d3 41. Rc3 Rxf2+ 42. Kxf2 Kxb4 0-1


[Site "https://www.chess.com"]

[Event "Titled Tuesday Blitz November 22 Late 2022"]
[White "Marchesich, Giovanni"]
[Black "Averjanov, Alexey"]
[WhiteFideId "2824790"]
[BlackFideId "14109867"]
[WhiteElo "2200"]
[BlackElo "2602"]
[Result "0-1"]
[Round "03"]
[TimeControl "180+1"]
[Date "2022.11.23"]
[WhiteClock "0:01:09"]
[BlackClock "0:02:32"]

1. d4 d5 2. Nf3 Nf6 3. c3 e6 4. Bf4 c5 5. e3 Bd6 6. Bg3 Qc7 7. Nbd2 O-O 8. Ne5 b6 9. Bd3 Ba6 10. Bc2 Nc6 11. f4 Nd7 12. Ndf3 f6 13. Nxd7 Qxd7 14. Qd2 b5 15. O-O-O b4 16. dxc5 Bxc5 17. e4 bxc3 18. Qxc3 Bb4 19. Qe3 Rac8 20. exd5 exd5 21. Kb1 Rfe8 22. Qf2 Re2 23. Qg1 Rxc2 24. Kxc2 Nd4+ 25. Kb1 Qf5+ 26. Ka1 Nc2+ 27. Kb1 Na3+ 28. Ka1 Qb1+ 0-1


[Site "https://www.chess.com"]

[Event "Titled Tuesday Blitz November 22 Late 2022"]
[White "Martinez Alcantara, Jose Eduardo"]
[Black "Popilski, Gil"]
[WhiteFideId "3805662"]
[BlackFideId "2809060"]
[WhiteElo "2705"]
[BlackElo "2537"]
[Result "1-0"]
[Round "03"]
[TimeControl "180+1"]
[Date "2022.11.22"]
[WhiteClock "0:00:08"]
[BlackClock "0:00:01"]

1. e4 e5 2. Nf3 Nf6 3. Nxe5 d6 4. Nf3 Nxe4 5. d4 d5 6. Bd3 Bd6 7. O-O O-O 8. c4 c6 9. Re1 Bf5 10. Qc2 Na6 11. a3 Bg6 12. c5 Bc7 13. Nc3 f5 14. Ne2 Bh5 15. Ng3 Bg6 16. b4 Qf6 17. Bb2 Rae8 18. Ne5 Nb8 19. f3 Ng5 20. Ne2 Ne6 21. f4 Bh5 22. Qd2 Qh6 23. Rf1 Bxe2 24. Bxe2 Bxe5 25. dxe5 Nd7 26. Rae1 g5 27. g3 gxf4 28. gxf4 Kh8 29. Bd3 Rf7 30. Kh1 Rg8 31. Rf3 Rg4 32. Ref1 Ndf8 33. Qc2 Qh5 34. Be2 Qh6 35. R3f2 Rh4 36. Bd3 Qh5 37. Qe2 Qxe2 38. Bxe2 Ng6 39. Bd1 Kg8 40. Bc1 Kf8 41. a4 a5 42. bxa5 Ke8 43. a6 bxa6 44. a5 Nxc5 45. Be2 Rb7 46. Rg2 Rb3 47. Kg1 Rb4 48. Ba3 Nxf4 49. Bxb4 Nxe2+ 50. Rxe2 Rxb4 51. Rxf5 Ne6 52. Ref2 Rb5 53. Rf6 Ke7 54. Rf7+ Ke8 55. Rxh7 d4 56. Rg2 Kf8 57. Rf2+ Kg8 58. Re7 Rxe5 59. Rf6 Rg5+ 60. Kf1 Nf8 61. Rxc6 Rxa5 62. Rd6 Rf5+ 63. Kg2 Rg5+ 64. Kh3 Rh5+ 65. Kg3 Rg5+ 66. Kf3 Rf5+ 67. Kg4 Rf2 68. h4 Rg2+ 69. Kh3 Rd2 70. Rd8 Rd3+ 71. Kg4 Rd1 72. Ree8 Rg1+ 73. Kh3 Rf1 74. Rxd4 Kf7 75. Ra8 Ng6 76. Ra7+ Kf6 77. Rxa6+ Kf5 78. Ra5+ Ne5 79. Kg2 Re1 80. Ra2 Kg6 81. Rf2 Kh5 82. Rf6 Ng4 83. Rff4 Re2+ 84. Kf1 Rh2 85. Rxg4 Ra2 86. Rge4 1-0


[Site "https://www.chess.com"]

[Event "Titled Tuesday Blitz November 22 Late 2022"]
[White "Martinez Reyes, Pedro Ramon"]
[Black "Haszon, David"]
[WhiteFideId "3901807"]
[BlackFideId "733610"]
[WhiteElo "2637"]
[BlackElo "2392"]
[Result "0-1"]
[Round "03"]
[TimeControl "180+1"]
[Date "2022.11.23"]
[WhiteClock "0:00:02"]
[BlackClock "0:00:25"]

1. b3 e5 2. Bb2 d6 3. c4 Nc6 4. g3 g6 5. Bg2 Bg7 6. e3 h5 7. h3 Nh6 8. Ne2 O-O 9. Nbc3 Bf5 10. Ne4 Qd7 11. N2c3 Ne7 12. f3 c6 13. g4 Be6 14. gxh5 gxh5 15. Qe2 d5 16. cxd5 cxd5 17. Nc5 Qc6 18. Nxe6 Qxe6 19. O-O-O a5 20. Kb1 Nc6 21. f4 Qf5+ 22. e4 dxe4 23. Bxe4 Qxf4 24. Rdf1 Qh4 25. Rhg1 Kh8 26. Nd5 Nd4 27. Bxd4 exd4 28. Rf4 Qxh3 29. Rh1 Qe6 30. Qxh5 f5 31. Bf3 a4 32. Rfh4 Ra6 33. Nc7 Qe5 34. Nxa6 d3 35. Qxh6+ Bxh6 36. Rxh6+ Kg7 37. Rh7+ Kg6 38. Rxb7 a3 39. Rg1+ Kh6 40. Rh1+ Kg5 41. Rg7+ Kf6 0-1


[Site "https://www.chess.com"]

[Event "Titled Tuesday Blitz November 22 Late 2022"]
[White "Melikyan, Gnel"]
[Black "Novikova, Galina"]
[WhiteFideId "54109990"]
[BlackFideId "4157095"]
[WhiteElo "2627"]
[BlackElo "2369"]
[Result "1-0"]
[Round "03"]
[TimeControl "180+1"]
[Date "2022.11.23"]
[WhiteClock "0:00:13"]
[BlackClock "0:00:01"]

1. a3 e6 2. d4 d5 3. c4 a5 4. Nc3 c6 5. e4 dxe4 6. Nxe4 Be7 7. Nf3 Nf6 8. Bd3 Nbd7 9. O-O Nxe4 10. Bxe4 Nf6 11. Bc2 O-O 12. Re1 b6 13. Ne5 Bb7 14. b3 c5 15. Bb2 cxd4 16. Qxd4 Qc7 17. Ng4 Rad8 18. Qc3 Qf4 19. Nxf6+ Bxf6 20. Qh3 h6 21. Bxf6 Qxf6 22. Qe3 Rd4 23. Rad1 Rg4 24. g3 g6 25. h3 Rg5 26. f4 Rc5 27. Qd4 e5 28. Qd6 Qxd6 29. Rxd6 exf4 30. gxf4 b5 31. Rb6 Bc6 32. Bd3 bxc4 33. Bxc4 Bd5 34. Re5 Rd8 35. Kf2 f6 36. Rxd5 Rcxd5 37. Rb5 Kg7 38. Rxd5 Rb8 39. Rd7+ Kh8 40. a4 g5 41. Rf7 gxf4 42. Rxf6 Kg7 43. Rxf4 Kg6 44. Rg4+ Kh5 45. Rd4 Rf8+ 46. Kg3 Re8 47. Rd5+ Kg6 48. Rxa5 Re3+ 49. Kg4 Rc3 50. Ra7 h5+ 51. Kh4 Kf5 52. Ra5+ Kf6 53. Rxh5 Rc1 54. Rc5 Kg7 55. Kg5 Rg1+ 56. Kf4 Kh8 57. Ke5 Rg7 58. Kd6 Rg6+ 59. Kc7 Rg7+ 60. Kb6 Rf7 61. Rc6 Re7 62. a5 Rd7 63. a6 Re7 64. a7 Re8 65. Kb7 Re7+ 66. Rc7 Re8 67. b4 Re4 68. a8=Q+ Re8 69. Qxe8# 1-0


[Site "https://www.chess.com"]

[Event "Titled Tuesday Blitz November 22 Late 2022"]
[White "Melkumyan, Hrant"]
[Black "Nasuta, Grzegorz"]
[WhiteFideId "13302485"]
[BlackFideId "1141686"]
[WhiteElo "2604"]
[BlackElo "2440"]
[Result "1/2-1/2"]
[Round "03"]
[TimeControl "180+1"]
[Date "2022.11.22"]
[WhiteClock "0:00:09"]
[BlackClock "0:00:09"]

1. d4 d5 2. c4 c6 3. Nc3 e6 4. e3 Nf6 5. Nf3 Nbd7 6. Be2 b6 7. O-O Bb7 8. b3 Bd6 9. Bb2 O-O 10. Qc2 Qe7 11. Rad1 Rad8 12. Rfe1 Rfe8 13. Bf1 e5 14. dxe5 Nxe5 15. Nxe5 Bxe5 16. cxd5 Qc5 17. Bd3 cxd5 18. Na4 Qd6 19. Bxe5 Qxe5 20. Qc3 Qxc3 21. Nxc3 d4 22. exd4 Rxe1+ 23. Rxe1 Rxd4 24. Bc4 Kf8 25. f3 Rd2 26. a4 a5 27. Rc1 Nd7 28. Nb5 Nc5 29. Re1 g6 30. h4 h5 31. Re3 Bc6 32. Nc3 Bb7 33. Ne2 Bd5 34. Bxd5 Rxd5 35. Nf4 Rd1+ 36. Kh2 Rb1 37. Nd5 Rxb3 38. Rxb3 Nxb3 39. Nxb6 Ke7 40. g4 Kd6 41. Kg3 Ke5 42. Nc4+ Kd5 43. Nb6+ Ke5 44. f4+ Kf6 45. Nd5+ Ke6 46. Nc7+ Kd6 47. Nb5+ Ke6 48. f5+ Ke5 49. fxg6 fxg6 50. Nc3 Nc5 51. Kf3 Kd4 52. Nb5+ Ke5 53. Nc3 Kd4 54. Ne2+ Ke5 55. Nf4 hxg4+ 56. Kxg4 Kf6 57. Nd5+ Kg7 58. Nb6 Kf6 59. Kf4 Ne6+ 60. Ke4 Nc5+ 61. Kd4 Nxa4 62. Nxa4 Kf5 63. Ke3 Kg4 64. Kf2 Kxh4 65. Kg2 Kg4 66. Nb6 Kf4 67. Kf2 Ke4 68. Kg3 Kd4 69. Kg4 Kc5 70. Na4+ Kb5 71. Nc3+ Kc4 72. Na4 Kb4 73. Nb6 Kc5 74. Na4+ Kb4 75. Nb6 Kb5 76. Nd5 a4 77. Nc3+ Kb4 78. Nxa4 Kxa4 79. Kg5 Kb4 80. Kxg6 1/2-1/2


[Site "https://www.chess.com"]

[Event "Titled Tuesday Blitz November 22 Late 2022"]
[White "Mladek, Richard"]
[Black "Prem, Pranav"]
[WhiteFideId "386588"]
[BlackFideId "30901057"]
[WhiteElo "2637"]
[BlackElo "2403"]
[Result "1-0"]
[Round "03"]
[TimeControl "180+1"]
[Date "2022.11.23"]
[WhiteClock "0:00:42"]
[BlackClock "0:00:02"]

1. d4 d5 2. c4 e6 3. Nc3 Nf6 4. cxd5 exd5 5. Bg5 c6 6. e3 Ke7 7. Bd3 Ke8 8. Nf3 Bg4 9. h3 Be6 10. O-O Nbd7 11. Ne5 Be7 12. f4 Nf8 13. Rc1 h6 14. Bh4 Bc8 15. a3 Ne6 16. Qf3 Kf8 17. g4 Kg8 18. Kh1 g5 19. Bg3 Kg7 20. f5 Nf8 21. e4 dxe4 22. Nxe4 N8d7 23. Rcd1 Re8 24. Bc4 Rf8 25. Kg2 Nxe4 26. Qxe4 Nf6 27. Qf3 Qb6 28. b4 a5 29. h4 axb4 30. hxg5 hxg5 31. Qe3 Nd5 32. Bxd5 cxd5 33. Nc4 dxc4 34. Qxe7 1-0


[Site "https://www.chess.com"]

[Event "Titled Tuesday Blitz November 22 Late 2022"]
[White "Musovic, Armin"]
[Black "Rios Escobar, Adan"]
[WhiteFideId "939935"]
[BlackFideId "3403645"]
[WhiteElo "2288"]
[BlackElo "2343"]
[Result "1-0"]
[Round "03"]
[TimeControl "180+1"]
[Date "2022.11.23"]
[WhiteClock "0:01:06"]
[BlackClock "0:00:07"]

1. e4 c5 2. d3 d6 3. Nc3 g6 4. Be2 Bg7 5. h4 h5 6. Nf3 Nc6 7. a3 Nf6 8. Ng5 Rb8 9. O-O O-O 10. Nd5 b5 11. c3 a5 12. f4 b4 13. axb4 axb4 14. Bd2 e6 15. Nxf6+ Bxf6 16. g4 hxg4 17. Bxg4 bxc3 18. bxc3 Rb2 19. Rf2 Qb6 20. h5 c4 21. d4 Nxd4 22. hxg6 fxg6 23. Be3 e5 24. Bxc8 exf4 25. Be6+ Kg7 26. Bxd4 Qb8 27. Ra7+ Rb7 28. Rxb7+ Qxb7 29. Bd5 Qe7 30. Ne6+ Kh6 31. Nxf8 Bxd4 32. Qxd4 f3 33. Rh2+ Kg5 34. Qe3+ Kf6 35. Qf4+ Kg7 36. Rh7# 1-0


[Site "https://www.chess.com"]

[Event "Titled Tuesday Blitz November 22 Late 2022"]
[White "Necromon"]
[Black "Mgeladze, Tamaz"]
[BlackFideId "13601202"]
[WhiteElo "2476"]
[BlackElo "2731"]
[Result "0-1"]
[Round "03"]
[TimeControl "180+1"]
[Date "2022.11.23"]
[WhiteClock "0:00:11"]
[BlackClock "0:00:24"]

1. Nf3 Nf6 2. g3 c5 3. Bg2 Nc6 4. c4 g6 5. O-O Bg7 6. Nc3 O-O 7. d4 cxd4 8. Nxd4 Nxd4 9. Qxd4 d6 10. b3 Be6 11. Bb2 Qa5 12. Qd3 Rab8 13. e4 Rfc8 14. f4 a6 15. f5 Bd7 16. Rae1 b5 17. cxb5 Bxb5 18. Nxb5 Qxb5 19. Qd2 Qc5+ 20. Bd4 Qc2 21. Rf2 Qxd2 22. Rxd2 Nd7 23. fxg6 hxg6 24. Bh3 Rb7 25. Bxd7 Rxd7 26. Bxg7 Kxg7 27. e5 d5 28. e6 Rd6 29. exf7 Kxf7 30. Rde2 e6 31. Rf2+ Kg7 32. Rfe2 Re8 33. b4 Kf6 34. Rf1+ Ke7 35. Ref2 Kd7 36. Rf7+ Re7 37. Rf8 e5 38. a4 e4 39. b5 axb5 40. axb5 e3 41. Rb1 d4 42. b6 Kc6 43. Ra8 Rb7 44. Ra6 d3 45. Kf1 Rf6+ 46. Ke1 Rf2 47. Rc1+ Kd5 48. Ra5+ Ke4 49. Rc4+ Kf3 50. Rf4+ Kg2 51. Rb5 g5 52. Rff5 Rxf5 53. Rxf5 Rxb6 0-1


[Site "https://www.chess.com"]

[Event "Titled Tuesday Blitz November 22 Late 2022"]
[White "Onslow, Alfie"]
[Black "Bluebaum, Matthias"]
[WhiteFideId "436976"]
[BlackFideId "24651516"]
[WhiteElo "2307"]
[BlackElo "2955"]
[Result "0-1"]
[Round "03"]
[TimeControl "180+1"]
[Date "2022.11.23"]
[WhiteClock "0:00:05"]
[BlackClock "0:01:44"]

1. e4 e6 2. d4 d5 3. e5 c5 4. c3 Nc6 5. Nf3 Nge7 6. Bd3 cxd4 7. cxd4 Nf5 8. Bxf5 exf5 9. O-O Be7 10. Nc3 Be6 11. a3 g5 12. b4 a6 13. Rb1 f4 14. Ne1 Bf5 15. Rb2 Rc8 16. Na4 Nxd4 17. Bxf4 Ne6 18. Bg3 b5 19. Nc5 Nxc5 20. bxc5 Rxc5 21. Nd3 Rc4 22. Nb4 d4 23. Nxa6 Qa5 24. Nb4 Qxa3 25. Rb3 Qa4 26. Nd3 Rc3 27. Rxc3 Qxd1 28. Rc8+ Bxc8 29. Rxd1 O-O 30. f4 Bg4 31. Rc1 Bf5 32. Nf2 g4 33. Rd1 Rd8 34. Nd3 b4 35. Be1 b3 36. Nb2 Rc8 37. Bd2 Rc2 38. Na4 b2 39. h3 Rxd2 40. Rxd2 b1=Q+ 0-1


[Site "https://www.chess.com"]

[Event "Titled Tuesday Blitz November 22 Late 2022"]
[White "Oparin, Grigoriy"]
[Black "Rosenberg, Evan S"]
[WhiteFideId "24125890"]
[BlackFideId "2019299"]
[WhiteElo "2639"]
[BlackElo "2383"]
[Result "1-0"]
[Round "03"]
[TimeControl "180+1"]
[Date "2022.11.23"]
[WhiteClock "0:00:48"]
[BlackClock "0:00:03"]

1. e4 e5 2. Nc3 Nf6 3. Bc4 Nxe4 4. Qh5 Nd6 5. Qxe5+ Qe7 6. Qxe7+ Bxe7 7. Bb3 O-O 8. Nge2 c6 9. d3 b5 10. a4 b4 11. Ne4 Nxe4 12. dxe4 a5 13. Be3 Ba6 14. Ng3 Bf6 15. O-O-O g6 16. f4 Re8 17. e5 Bg7 18. Rhe1 h5 19. Bc5 Bh6 20. Rd4 d5 21. Bd6 h4 22. Ne2 Nd7 23. Kd1 Nf8 24. g3 Ne6 25. Rd2 Rad8 26. Nd4 Nxd4 27. Rxd4 Bc8 28. Bc7 Bg4+ 29. Kc1 Ra8 30. Kb1 Ra7 31. Bd6 Rd7 32. Rf1 Bh3 33. Rg1 hxg3 34. hxg3 Bg4 35. Rd2 Bf8 36. Bxf8 Kxf8 37. Rh1 Bf3 38. Rh7 Ke7 39. Kc1 Kd8 40. Rdh2 Bh5 41. c3 c5 42. Rd2 c4 43. Bc2 bxc3 44. bxc3 Kc7 45. Rg2 Bg4 46. Rh4 Bf3 47. Rf2 Be4 48. Rhh2 Bxc2 49. Rxc2 Rb8 50. Rb2 Rb3 51. Rxb3 cxb3 52. Kb2 d4 53. Kxb3 Kc6 54. Rd2 Rb7+ 55. Kc4 dxc3 56. Kxc3 Rb4 57. Rd4 Rb1 58. g4 Rf1 59. Kd2 Rf3 60. Ke2 Rg3 61. g5 Rb3 62. Rd6+ Kc7 63. Rf6 Rb4 64. Rxf7+ Kc6 65. Rf6+ Kd5 66. Kf3 Rxa4 67. Rxg6 Ra3+ 68. Kg4 Ra1 69. Kf5 a4 70. Ra6 a3 71. g6 a2 72. g7 Rg1 73. Rxa2 Rxg7 74. Rd2+ Kc6 75. e6 Re7 76. Kf6 1-0


[Site "https://www.chess.com"]

[Event "Titled Tuesday Blitz November 22 Late 2022"]
[White "Oro, Faustino"]
[Black "Mohammed, Zozek Salah Mohammed"]
[WhiteFideId "20000197"]
[BlackFideId "4803361"]
[WhiteElo "2657"]
[BlackElo "2443"]
[Result "0-1"]
[Round "03"]
[TimeControl "180+1"]
[Date "2022.11.23"]
[WhiteClock "0:00:03"]
[BlackClock "0:00:24"]

1. e4 c5 2. Nf3 d6 3. d4 cxd4 4. Nxd4 Nf6 5. Nc3 a6 6. a3 e5 7. Nf5 d5 8. Bg5 d4 9. Bxf6 Qxf6 10. Nd5 Qd8 11. Bc4 b5 12. Bb3 Nc6 13. O-O g6 14. Ng3 Bg7 15. Qd2 O-O 16. Rae1 Be6 17. Ne2 Na5 18. Ba2 Nc4 19. Qc1 Bxd5 20. exd5 Qxd5 21. Rd1 Qc6 22. c3 Rfd8 23. cxd4 exd4 24. Rd3 Rac8 25. Rf3 Ne5 26. Qxc6 Rxc6 27. Rg3 d3 28. Nc3 d2 29. Rd1 Nc4 30. Bxc4 Rxc4 31. Kf1 b4 32. axb4 Rxb4 33. Ke2 Rxb2 34. Ne4 f5 35. Nc5 Re8+ 36. Kd3 a5 37. Kc4 Rc2+ 38. Kd5 Re5+ 0-1


[Site "https://www.chess.com"]

[Event "Titled Tuesday Blitz November 22 Late 2022"]
[White "Osmak, Yuliia"]
[Black "Tirelli, Mauro"]
[WhiteFideId "14101602"]
[BlackFideId "845353"]
[WhiteElo "2328"]
[BlackElo "2166"]
[Result "1-0"]
[Round "03"]
[TimeControl "180+1"]
[Date "2022.11.23"]
[WhiteClock "0:00:43"]
[BlackClock "0:00:37"]

1. e4 c5 2. Nf3 e6 3. d4 cxd4 4. Nxd4 a6 5. h3 Qc7 6. Bd3 Nf6 7. O-O Bc5 8. Nb3 Be7 9. c4 d6 10. Nc3 O-O 11. Bf4 Nbd7 12. Rc1 b6 13. Re1 Bb7 14. Bg3 Rac8 15. f4 Qb8 16. Bf2 Rfe8 17. Nd2 Nc5 18. Bb1 e5 19. f5 b5 20. b4 Na4 21. Nxa4 bxa4 22. Qxa4 Bd8 23. a3 Bc6 24. Qxa6 Bc7 25. Qa7 Qxa7 26. Bxa7 Ra8 27. Bf2 Rxa3 28. b5 Bb7 29. b6 Bd8 30. c5 dxc5 31. Nc4 Rb3 32. Bxc5 Be7 33. Bf2 Ba6 34. Ba2 Rb4 35. Nxe5 Rxe4 36. Bxf7+ 1-0


[Site "https://www.chess.com"]

[Event "Titled Tuesday Blitz November 22 Late 2022"]
[White "Paiva, Henrique M A Albergaria"]
[Black "Pakleza, Zbigniew"]
[WhiteFideId "1920995"]
[BlackFideId "1119290"]
[WhiteElo "1953"]
[BlackElo "2411"]
[Result "1/2-1/2"]
[Round "03"]
[TimeControl "180+1"]
[Date "2022.11.22"]
[WhiteClock "0:00:21"]
[BlackClock "0:00:04"]

1. Nf3 d5 2. d4 Bf5 3. g3 e6 4. Bg2 Nf6 5. O-O Be7 6. c4 c6 7. b3 Nbd7 8. Bb2 O-O 9. Nc3 h6 10. Re1 a6 11. h3 b5 12. c5 a5 13. Nh4 Bh7 14. f4 b4 15. Na4 Ne4 16. Bxe4 Bxe4 17. Nf3 Qc7 18. Nd2 Bh7 19. e4 dxe4 20. Nxe4 Rad8 21. Qe2 Rfe8 22. Kh2 Bxe4 23. Qxe4 Nf6 24. Qf3 h5 25. Nb6 h4 26. g4 Nd5 27. Nxd5 Rxd5 28. Re5 Red8 29. Rae1 Bf6 30. Rxd5 Rxd5 31. Qe4 Qd7 32. Rd1 Bd8 33. Kg2 f5 34. gxf5 Rxf5 35. Re1 Kf7 36. Kf3 Bf6 37. Rg1 Qd5 38. Qxd5 Rxd5 39. Ke4 Rd7 40. Rd1 a4 41. Rd3 a3 42. Bc1 Rb7 43. Bd2 Rb8 44. Be1 Rb7 45. Rd2 Rb8 46. Kd3 Rd8 47. Kc4 Kg6 48. Rd3 Kf5 49. Bd2 Ke4 50. Re3+ Kf5 51. Rd3 Ke4 52. Re3+ Kf5 53. Rd3 1/2-1/2


[Site "https://www.chess.com"]